 Dungeon Crawl Stone Soup version 0.19-a0-1697-g0595f0e (webtiles) character file.

15288 Hennin the Protected (level 11, -1/95 HPs)
             Began as a Minotaur Fighter on Sept 27, 2016.
             Was a Priest of Okawaru.
             Succumbed to Sonja's poison
             ... on level 1 of the Lair of Beasts.
             The game lasted 00:40:49 (12113 turns).

Hennin the Protected (Minotaur Fighter)            Turns: 12113, Time: 00:40:49

Health: -1/95      AC: 18    Str: 27    XL:     11   Next: 99%
Magic:  16/16      EV: 10    Int:  5    God:    Okawaru [***...]
Gold:   577        SH: 12    Dex:  9    Spells: 1 memorised, 17 levels left

rFire  . . .     SeeInvis .     D - +3 broad axe
rCold  . . .     Gourm    .     x - +0 chain mail
rNeg   . . .     Faith    .     c - +1 shield
rPois  .         Spirit   .     (helmet restricted)
rElec  .         Dismiss  .     J - +1 cloak
rCorr  .         Reflect  .     L - +0 pair of gloves
MR     .....     Harm     .     (no boots)
Stlth  ..........               o - amulet of rage
                                (no ring)
                                F - +2 ring of strength

@: lethally poisoned (-1 -> -56), exhausted, slowed, very slow
A: retaliatory headbutt, horns 2
a: Heroism, Renounce Religion, Evoke Berserk Rage


You were on level 1 of the Lair of Beasts.
You worshipped Okawaru.
Okawaru was most pleased with you.
You were hungry.

You visited 3 branches of the dungeon, and saw 13 of its levels.
You also visited: Sewer.

You collected 577 gold pieces.

Inventory:

Hand Weapons
 C - a +0 whip of electrocution
 D - a +3 broad axe (weapon)
 O - a +2 mace of crushing
 P - a +3 scimitar of flaming
Armour
 c - a +1 shield (worn)
 x - a +0 chain mail (worn)
 J - a +1 cloak (worn)
 L - a +0 pair of gloves (worn)
Rods
 G - a +0 lightning rod (13/13)
   (You found it on level 5 of the Dungeon)
Jewellery
 o - an amulet of rage (around neck)
 F - a +2 ring of strength (left hand)
Wands
 a - a wand of teleportation (5/9)
 b - a wand of digging (17/24)
 r - a wand of digging (14/24)
 z - a wand of lightning (6/15)
 K - a wand of disintegration (4/24)
 Q - a wand of lightning (5/15)
Scrolls
 h - a scroll of blinking
 i - a scroll of remove curse
 q - 3 scrolls of immolation
 t - 4 scrolls of magic mapping
 u - a scroll of recharging
 y - 3 scrolls of amnesia
 A - 3 scrolls of teleportation
 E - a scroll of fear
Potions
 d - a potion of heal wounds
 e - a potion of haste
 k - a potion of lignification
 l - a potion of mutation
 m - 2 potions of brilliance
 n - 2 potions of ambrosia
 p - a potion of agility
 s - a potion of curing
 v - a potion of cure mutation {unknown}
 w - 2 potions of magic
 H - a potion of resistance {unknown}
 I - a potion of berserk rage
 M - a potion of flight {unknown}
 N - a potion of degeneration {unknown}
Comestibles
 f - 12 bread rations
 g - 7 meat rations
 j - 10 chunks of flesh
 B - 4 fruits
 R - a slice of pizza


   Skills:
 + Level 8.5 Fighting
 * Level 10.8 Axes
 + Level 14.4 Armour
 + Level 6.6 Dodging
 + Level 8.5 Shields
 + Level 4.5 Spellcasting
 + Level 2.3 Invocations
 + Level 2.0 Evocations


You had 17 spell levels left.
You knew the following spells:

 Your Spells              Type           Power        Failure   Level  Hunger
a - Song of Slaying       Chrm           #.......     100%        2    ###....


Dungeon Overview and Level Annotations

Branches:
Dungeon (11/15)            Temple (1/1) D:5            Lair (1/6) D:11
    Orc (0/2) D:9

Altars:
Ashenzari
Cheibriados
Dithmenos
Elyvilon
Fedhas
Gozag
Hepliaklqana
Kikubaaqudgha
Makhleb
Nemelex Xobeh
Okawaru
Qazlal
Ru
Sif Muna
Trog
Uskayaw
Vehumet
Xom
Yredelemnul
Zin
The Shining One
Beogh

Shops:
D:6 *


Innate Abilities, Weirdness & Mutations

You reflexively headbutt those who attack you in melee.
You have a pair of horns on your head.


Message History

Unknown command.
* * * LOW HITPOINT WARNING * * *
You feel very sick.
You see here a curare-tipped needle.
Unknown command.
You feel a strong urge to attack something.
* * * LOW HITPOINT WARNING * * *
You feel very sick.
You are too berserk!
* * * LOW HITPOINT WARNING * * *
You feel very sick.
Unknown command.
You are too berserk!
You are too berserk!
Unknown command.
You feel your anger subside.
You are no longer berserk.
You are exhausted.
You feel as though you will be slow longer.
You are feeling hungry.
You die...

##.####.###P.#.....##...#
.............#...#.#....#
.###P.#..#.###.....##P..##
.............#.....#.....#
#.....}..#####.....###..##
.............#.....#(...#
#.#.####.....#.....#....#
.............#...#.(....#
.......####P....@..(....#
.............#.....#....#
.##.##[PP#.##....(.#.##.#
.............#..(..#.. .#
..###.##.P.###..(..####.#
.............#.#)..#
...#####.###.#.....#
........... .#.....#
##.#.P####..#......P


There were no monsters in sight!

Vanquished Creatures
  Erica (D:9)
  Sonja (Lair:1)
  A hill giant (D:9)
  A manticore (D:11)
  A troll (D:11)
  Grinder (D:4)
  2 hippogriffs
  A shadow (D:11)
  A wraith (D:11)
  14 yaks
  A basilisk (D:11)
  2 hungry ghosts
  Menkaure (D:5)
  A mottled dragon (D:11)
  A soldier ant (D:11)
  2 water moccasins
  4 porcupines (D:11)
  3 orc warriors
  A black bear (D:8)
  2 sky beasts
  2 ice beasts
  A necrophage (D:5)
  2 ogres
  A phantom (D:7)
  9 centaurs
  A big kobold (D:11)
  6 crocodiles
  6 bullfrogs
  Blork the orc (D:6)
  4 scorpions
  A water moccasin skeleton (D:5)
  3 wights (D:6)
  3 howler monkeys (D:11)
  3 crimson imps
  3 bullfrog zombies
  4 orc priests
  4 hounds
  A jelly (D:11)
  Crazy Yiuf (D:6)
  A bullfrog skeleton (D:9)
  3 centaur skeletons
  3 orc wizards
  Jessica (D:2)
  5 iguanas
  6 worker ants
  3 gnolls (D:3)
  2 howler monkey skeletons
  16 adders
  7 river rats
  5 shadow imps
  5 adder zombies
  2 adder skeletons
  3 worms
  A dart slug (D:4)
  7 leopard geckos
  30 orcs
  4 giant cockroaches
  5 goblins
  7 hobgoblins
  7 jackals
  6 quokkas
  16 ball pythons
  9 bats
  7 frilled lizards
  7 kobolds
  A leopard gecko skeleton (D:4)
  25 rats
  A fungus (Lair:1)
293 creatures vanquished.

Vanquished Creatures (collateral kills)
  2 ugly things (D:11)
2 creatures vanquished.

Vanquished Creatures (others)
  A bush (D:11)
  3 fungi (D:11)
  9 plants (D:11)
13 creatures vanquished.

Grand Total: 308 creatures vanquished

Notes
Turn   | Place    | Note
-------+----------+-------------------------------------------
     0 | D:1      | Hennin the Minotaur Fighter began the quest for the Orb.
     0 | D:1      | Reached XP level 1. HP: 19/19 MP: 0/0
   979 | D:2      | Reached XP level 2. HP: 27/27 MP: 1/1
  1145 | D:2      | Noticed Jessica
  1160 | D:2      | Killed Jessica
  1160 | D:2      | Reached skill level 1 in Dodging
  1160 | D:2      | Reached XP level 3. HP: 9/33 MP: 2/2
  1380 | D:2      | Identified Jessica's Incunabulum of Aid
  1392 | D:2      | Learned a level 2 spell: Song of Slaying
  2096 | D:3      | Reached skill level 1 in Spellcasting
  2096 | D:3      | Reached XP level 4. HP: 40/40 MP: 4/4
  2194 | D:3      | Found a glowing drain.
  2251 | Sewer    | Entered a sewer
  2813 | Sewer    | Reached skill level 4 in Armour
  2816 | Sewer    | Reached XP level 5. HP: 45/46 MP: 5/5
  2952 | Sewer    | Reached XP level 6. HP: 11/53 MP: 5/7
  3773 | D:4      | Reached skill level 5 in Shields
  4088 | D:4      | Noticed Grinder
  4088 | D:4      | Paralysed by Grinder for 5 turns
  4099 | D:4      | Killed Grinder
  4099 | D:4      | Reached skill level 5 in Axes
  4099 | D:4      | Reached XP level 7. HP: 39/60 MP: 8/8
  4662 | D:5      | Entered Level 5 of the Dungeon
  4673 | D:5      | Noticed a hippogriff
  4675 | D:5      | Reached skill level 5 in Fighting
  4675 | D:5      | Reached skill level 5 in Armour
  4681 | D:5      | Killed a hippogriff
  4932 | D:5      | Reached XP level 8. HP: 67/68 MP: 10/10
  5052 | D:5      | Found a staircase to the Ecumenical Temple.
  5059 | D:5      | Noticed Menkaure
  5066 | D:5      | Killed Menkaure
  5070 | Temple   | Entered the Ecumenical Temple
  5767 | D:6      | Found Vexkinyw's General Store.
  6062 | D:6      | Noticed Blork the orc
  6078 | D:6      | Reached skill level 6 in Armour
  6093 | D:6      | Killed Blork the orc
  6391 | D:6      | Found a runed door.
  6396 | D:6      | Noticed Crazy Yiuf
  6401 | D:6      | Killed Crazy Yiuf
  6724 | D:6      | Found an opulent altar of Gozag.
  6724 | D:6      | Found a hide-covered altar of Uskayaw.
  6762 | D:7      | Reached XP level 9. HP: 78/78 MP: 12/12
  7204 | D:7      | Found a glowing golden altar of the Shining One.
  7527 | D:8      | Reached skill level 5 in Dodging
  7606 | D:8      | Reached skill level 7 in Armour
  7622 | D:8      | Reached skill level 13 in Armour
  7622 | D:8      | Reached XP level 10. HP: 65/84 MP: 14/14
  8064 | D:8      | Found a hazy altar of Hepliaklqana.
  8462 | D:8      | Found a glowing silver altar of Zin.
  8522 | D:9      | Noticed Erica
  8529 | D:9      | Killed Erica
  8558 | D:9      | Noticed a hill giant
  8568 | D:9      | Killed a hill giant
  8670 | D:9      | Reached XP level 11. HP: 67/92 MP: 15/15
  8910 | D:9      | Reached skill level 14 in Armour
  9062 | D:9      | Found a staircase to the Orcish Mines.
  9071 | D:9      | Found a roughly hewn altar of Beogh.
  9224 | D:9      | Found an iron altar of Okawaru.
  9228 | D:9      | Became a worshipper of Warmaster Okawaru
  9596 | D:10     | Entered Level 10 of the Dungeon
 10447 | D:11     | Noticed a green ugly thing
 10448 | D:11     | Noticed a green ugly thing
 10456 | D:11     | Killed a green ugly thing
 10456 | D:11     | Reached skill level 10 in Axes
 10456 | D:11     | Killed a green ugly thing
 10650 | D:11     | HP: 2/93 [something (5)]
 10660 | D:11     | Reached skill level 1 in Invocations
 10942 | D:11     | Reached * piety under Okawaru
 11006 | D:11     | Reached skill level 1 in Evocations
 11136 | D:11     | Reached ** piety under Okawaru
 11153 | D:11     | Found a staircase to the Lair.
 11883 | Lair:1   | Entered Level 1 of the Lair of Beasts
 11918 | Lair:1   | Reached *** piety under Okawaru
 12091 | Lair:1   | Noticed Sonja
 12109 | Lair:1   | Killed Sonja
 12109 | Lair:1   | Received a gift from Okawaru
 12112 | Lair:1   | HP: 4/142 [poisoned by Sonja]
 12113 | Lair:1   | Succumbed to Sonja's poison

Vault maps used:
D:1:      dpeg_arrival_boxorama
D:2:      kennysheep_jessica_study
D:3:      portal_sewer_entry_f
D:4:      corexii_shack, uniq_grinder
D:5:      first_bread, nrook_uturn, grunt_tough_drop, uniq_menkaure
D:6:      gammafunk_temple_overflow_pools, serial_shops, shop,
          hangedman_decor_peaks_small, uniq_blork_the_orc,
          uniq_crazy_yiuf_cottage
D:7:      nicolae_tso_swordbearing_angel
D:8:      kennysheep_mini, zin_scriptorium
D:9:      marbit_many_paths, minmay_orc_entry_temple_small, uniq_erica
D:11:     minmay_lair_entry_grove
Temple:   compressed_dpeg_circular_temple
Lair:1:   columned_hall_lemuel, uniq_sonja
Sewer:    sewer_minmay_w

Skill      XL: |  1  2  3  4  5  6  7  8  9 10 11 |
---------------+----------------------------------+-----
Fighting       | 4 5 6 7 8 |  8.5
Axes           | 3 4 5 6 7 8 9 10 | 10.8
Dodging        | 1 2 3 4 5 6 |  6.6
Shields        | 4 5 6 7 8 |  8.5
Spellcasting   | 1 2 3 4 |  4.5
Armour         | 4 5 6 13 14 | 14.4
Invocations    | 2 |  2.3
Evocations     | 2 |  2.0

Action                   |  1- 3 |  4- 6 |  7- 9 | 10-12 || total
-------------------------+-------+-------+-------+-------++-------
Melee: War axe           |    63 |   149 |   239 |   101 ||   552
       Headbutt          |     9 |    20 |    48 |    86 ||   163
       Broad axe         |       |       |       |   257 ||   257
Evoke: Wand              |       |       |     1 |     2 ||     3
  Use: Scroll            |    12 |     5 |     8 |    10 ||    35
       Potion            |       |     2 |     5 |     7 ||    14
  Eat: Chunk             |     3 |     7 |     9 |    12 ||    31
       Fruit             |       |       |     8 |       ||     8
       Beef jerky        |       |       |       |     2 ||     2
       Pizza             |       |       |       |     1 ||     1
Armor: Scale mail        |    36 |    64 |     6 |       ||   106
       Chain mail        |       |       |    97 |   154 ||   251
Dodge: Dodged            |    23 |    81 |    70 |   119 ||   293
Block: Shield            |    48 |   115 |   162 |   223 ||   548
